 Dungeon Crawl Stone Soup version 0.18-a0-1726-g399342b (webtiles) character file.

1214 useraccount the Shield-Bearer (level 8, -4/62 HPs)
             Began as a Formicid Fighter on Mar 21, 2016.
             Was a Follower of Hepliaklqana.
             Killed from afar by antares's ghost (31 damage)
             ... with a bolt of lightning
             ... on level 6 of the Dungeon.
             The game lasted 00:04:46 (5206 turns).

useraccount the Shield-Bearer (Formicid Fighter)    Turns: 5206, Time: 00:04:46

Health: -4/62      AC: 12    Str: 24    XL:     8   Next: 74%
Magic:  10/10      EV:  8    Int:  7    God:    Hepliaklqana [*.....]
Gold:   378        SH: 13    Dex: 10    Spells: 0 memorised, 7 levels left

rFire  . . .     SeeInvis +     a - +0 war axe
rCold  . . .     Gourm    .     w - +0 chain mail
rNeg   . . .     Faith    .     c - +0 shield
rPois  .         Spirit   .     (helmet unavailable)
rElec  .         Dismiss  .     i - +0 cloak
rCorr  .         Reflect  +     B - +0 pair of gloves
SustAt .         Harm     .     (no boots)
MR     +....                    y - +3 amulet of reflection
Stlth  ..........               (no ring)
                                o - ring of protection from magic

@: drained, somewhat resistant to hostile enchantments, extremely unstealthy
A: permanent stasis, dig shafts and tunnels, four strong arms, antennae 3
a: Dig, Shaft Self, Recall Ancestor, Ancestor Identity, Renounce Religion


You were on level 6 of the Dungeon.
You worshipped Hepliaklqana.
Hepliaklqana was aware of your devotion.
You were hungry.

You visited 2 branches of the dungeon, and saw 7 of its levels.

You collected 378 gold pieces.

Inventory:

Hand Weapons
 a - a +0 war axe (weapon)
Armour
 c - a +0 shield (worn)
 i - a +0 cloak (worn)
 w - a +0 chain mail (worn)
 B - a +0 pair of gloves (worn)
Jewellery
 o - a ring of protection from magic (left hand)
 y - a +3 amulet of reflection (around neck)
Wands
 b - a wand of slowing (24/48)
Scrolls
 e - 3 scrolls of amnesia {unknown}
 g - a scroll of immolation {unknown}
 l - a scroll of fog {unknown}
 q - 4 scrolls of remove curse
 s - 3 scrolls of blinking {unknown}
 v - a scroll of teleportation {unknown}
 x - 3 scrolls of identify {unknown}
Potions
 d - 2 potions of might
 h - a potion of ambrosia {unknown}
 j - 3 potions of curing {unknown}
 k - 2 potions of resistance {unknown}
 m - a potion of magic {unknown}
 n - 2 potions of degeneration {unknown}
 t - 2 potions of haste {unknown}
 z - 2 potions of heal wounds {unknown}
Comestibles
 f - 8 bread rations
 p - 2 slices of pizza
 u - a meat ration
 A - 3 fruits


   Skills:
 + Level 5.0(4.7) Fighting
 * Level 5.8(5.5) Axes
 + Level 5.2(5.0) Armour
 + Level 3.1(2.9) Dodging
 + Level 6.2(5.9) Shields
 + Level 3.2(3.0) Invocations


You had 7 spell levels left.
You didn't know any spells.

Dungeon Overview and Level Annotations

Branches:
Dungeon (6/15)             Temple (1/1) D:4

Altars:
Ashenzari
Cheibriados
Elyvilon
Fedhas
Gozag
Hepliaklqana
Kikubaaqudgha
Makhleb
Nemelex Xobeh
Okawaru
Pakellas
Qazlal
Sif Muna
Trog
Ukayaw
Vehumet
Xom
Yredelemnul
Zin
The Shining One

Shops:
D:4 :

Annotations:
D:2 Robin
D:5 exclusion: oklob plant
D:6 antares's ghost, novice TeAE


Innate Abilities, Weirdness & Mutations

You are under a permanent stasis effect.
You can dig through walls and to a lower floor.
Your four strong arms can wield two-handed weapons with a shield.
You have a pair of large antennae on your head (SInv).


Message History

You block antares's ghost's attack.
Your chain mail prevents you from hitting antares's ghost.
Antares's ghost is moderately damaged.
You hit the crimson imp.
The crimson imp is moderately wounded.
You block the crimson imp's attack.
Antares's ghost says, "Resistance is futile!"
Antares's ghost hits you!
You miss antares's ghost.
Antares's ghost is moderately damaged.
Your shield and chain mail prevent you from hitting the crimson imp.
The crimson imp is moderately wounded.
You block the crimson imp's attack.
Antares's ghost hits you but does no damage.
The crimson imp blinks!
Xiuhtonal hits antares's ghost.
Xiuhtonal hits antares's ghost but does no damage.
Antares's ghost casts a spell at you. The bolt of lightning misses you.
The bolt of lightning hits you!
Ouch! That really hurt!
You die...

{ #######
#....<# #..@#.#
###.#.# ♣..
######W###.....
.......W.......♣
#####.#5####....
...#.# . .## #.#
.. #.$ . ###


You could see antares's ghost, a crimson imp and the friendly Xiuhtonal the
ancestor.

Vanquished Creatures
  Eustachio (D:5)
  A phantom (D:4)
  Blork the orc (D:5)
  A gnoll sergeant (D:4)
  A howler monkey (D:4)
  3 wights (D:5)
  2 crimson imps (D:5)
  Crazy Yiuf (D:3)
  An orc priest (D:3)
  Jessica (D:2)
  An iguana (D:4)
  3 orc wizards
  A worker ant (D:5)
  Terence (D:3)
  7 gnolls
  7 adders
  4 dart slugs
  8 giant geckos
  15 orcs
  7 bats
  A giant cockroach (D:5)
  10 goblins
  8 hobgoblins
  7 jackals
  4 giant newts
  8 kobolds
  2 rats
107 creatures vanquished.

Vanquished Creatures (collateral kills)
  A centaur (D:5)
  A scorpion (D:4)
  A howler monkey (D:4)
  A worker ant (D:5)
  3 gnolls (D:5)
  An adder (D:5)
  2 orcs (D:5)
  A jackal (D:5)
11 creatures vanquished.

Vanquished Creatures (others)
  A centaur (D:5)
  An ancestor (D:5)
2 creatures vanquished.

Grand Total: 120 creatures vanquished

Notes
Turn   | Place    | Note
--------------------------------------------------------------
     0 | D:1      | useraccount the Formicid Fighter began the quest for the Orb.
     0 | D:1      | Reached XP level 1. HP: 18/18 MP: 1/1
   270 | D:1      | Reached XP level 2. HP: 24/24 MP: 2/2
   524 | D:1      | Reached XP level 3. HP: 29/29 MP: 3/3
   736 | D:2      | Noticed Jessica
   740 | D:2      | Killed Jessica
   740 | D:2      | Reached skill level 1 in Dodging
   740 | D:2      | Reached skill level 4 in Shields
   757 | D:2      | Reached XP level 4. HP: 35/35 MP: 4/4
   841 | D:2      | Found a glowing golden altar of the Shining One.
   845 | D:2      | Found a shimmering altar of Xom.
   850 | D:2      | Found a radiant altar of Vehumet.
  1137 | D:2      | Noticed Robin
  1503 | D:2      | Found a sparkling altar of Nemelex Xobeh.
  1506 | D:2      | Found an iron altar of Okawaru.
  1508 | D:2      | Found a snail-covered altar of Cheibriados.
  1700 | D:3      | HP: 1/35 [orc/club (2)]
  1706 | D:3      | Reached XP level 5. HP: 2/42 MP: 5/5
  2047 | D:3      | Found a faded altar to an unknown god.
  2051 | D:3      | Noticed Terence
  2066 | D:3      | Killed Terence
  2399 | D:3      | Reached XP level 6. HP: 30/48 MP: 6/6
  2906 | D:3      | Noticed Crazy Yiuf
  2911 | D:3      | Killed Crazy Yiuf
  2990 | D:4      | Found a staircase to the Ecumenical Temple.
  2996 | Temple   | Entered the Ecumenical Temple
  3081 | Temple   | Became a worshipper of Hepliaklqana
  3254 | D:4      | Reached skill level 5 in Shields
  3488 | D:4      | Found Otacuxt's Book Emporium.
  3489 | D:4      | Reached * piety under Hepliaklqana
  3489 | D:4      | Noticed a phantom
  3520 | D:4      | Killed a phantom
  3520 | D:4      | Reached XP level 7. HP: 41/54 MP: 7/7
  3547 | D:4      | Reached skill level 1 in Invocations
  3773 | D:5      | Entered Level 5 of the Dungeon
  3788 | D:5      | Your ally Xiuhtonal died
  4483 | D:5      | Reached skill level 5 in Axes
  4505 | D:5      | Found an opulent altar of Gozag.
  4514 | D:5      | Reached XP level 8. HP: 61/61 MP: 9/9
  4610 | D:5      | Noticed Blork the orc
  4622 | D:5      | Killed Blork the orc
  4662 | D:5      | Noticed Eustachio
  4694 | D:5      | Killed Eustachio
  4694 | D:5      | Reached skill level 5 in Armour
  4694 | D:5      | Reached skill level 6 in Shields
  4802 | D:5      | Reached skill level 5 in Fighting
  5015 | D:5      | Found a blossoming altar of Fedhas.
  5040 | D:5      | Noticed an oklob plant
  5193 | D:6      | Noticed antares's ghost (novice TeAE)
  5206 | D:6      | Killed from afar by antares's ghost

Vault maps used:
D:1:      minmay_arrival_pointy, serial_glass, glass_columns_b, glass_columns_a,
          hangedman_glass_garden
D:2:      minmay_overflow_temple_star_quad, grunt_temple_overflow_open,
          uniq_jessica, uniq_robin
D:3:      ecumenical_altar_2, grunt_decor_clamped, uniq_terence,
          uniq_crazy_yiuf_cottage
D:4:      minmay_temple_entry_hall, serial_shops, shop, first_bread
D:5:      tgw_fedhas, nicolae_overflow_crystal_walls, grunt_ministairs_6,
          uniq_blork_the_orc, uniq_eustachio
D:6:      gammafunk_temple_overflow_elements, grunt_ministairs_9, uniq_grinder,
          uniq_sigmund, uniq_duvessa
Temple:   triangle_lava_temple_12

Skill      XL: |  1  2  3  4  5  6  7  8 |
---------------+-------------------------+-----
Dodging        | 1 2 3 |  3.1
Shields        | 4 5 6 |  6.2
Axes           | 3 4 5 |  5.8
Armour         | 4 5 |  5.2
Fighting       | 4 5 |  5.0
Invocations    | 2 3 |  3.2

Action                   |  1- 3 |  4- 6 |  7- 9 || total
-------------------------+-------+-------+-------++-------
Melee: War axe           |    52 |   233 |   180 ||   465
Invok: Recall Ancestor   |       |       |     1 ||     1
  Use: Scroll            |       |     1 |       ||     1
 Stab: Distracted        |       |       |     2 ||     2
  Eat: Chunk             |       |     9 |     5 ||    14
